 Dungeon Crawl Stone Soup version 0.23.2-33-g5129a83184 (webtiles) character file.

Game seed: 2564966969866076201

39 lepoulpe303 the Chopper (level 3, 0/33 HPs)
             Began as a Hill Orc Monk on June 26, 2019.
             Slain by a gnoll (6 damage)
             ... on level 2 of the Dungeon.
             The game lasted 00:06:46 (1524 turns).

lepoulpe303 the Chopper (Hill Orc Monk)             Turns: 1524, Time: 00:06:46

Health: 0/33       AC:  2    Str: 14    XL:     3   Next: 45%
Magic:  3/3        EV: 13    Int: 10    God:
Gold:   30         SH:  0    Dex: 13    Spells: 2/2 levels left

rFire    . . .     SeeInvis .   a - +0 hand axe
rCold    . . .     Gourm    .   (no shield)
rNeg     . . .     Faith    .   b - +0 robe
rPois    .         Spirit   .   (no helmet)
rElec    .         Reflect  .   (no cloak)
rCorr    .         Harm     .   (no gloves)
MR       .....                  (no boots)
Stlth    ++........             (no amulet)
HPRegen  0.11/turn              (no ring)
MPRegen  0.08/turn              (no ring)

@: no status effects
A: no striking features
a: no special abilities


You were on level 2 of the Dungeon.
You were not hungry.

You visited 1 branch of the dungeon, and saw 2 of its levels.

You collected 30 gold pieces.

Inventory:

Hand Weapons
 a - a +0 hand axe (weapon)
Missiles
 Q - 57 stones (quivered)
Armour
 b - a +0 robe (worn)
Scrolls
 c - 5 scrolls of identify {unknown}
 f - a scroll of random uselessness {unknown}
 i - 3 scrolls of enchant weapon {unknown}
 l - a scroll of remove curse {unknown}
 m - a scroll of magic mapping {unknown}
Potions
 d - a potion of might {unknown}
 g - a potion of invisibility {unknown}
 h - a potion of degeneration {unknown}
 j - a potion of agility {unknown}
 k - a potion of flight {unknown}
 q - a potion of curing
Comestibles
 e - 2 rations


   Skills:
 * Level 4.2 Fighting
 * Level 4.7 Axes
 + Level 1.1 Armour
 + Level 2.6 Dodging
 - Level 1.5 Stealth


You had 2 spell levels left.
You didn't know any spells.
Your spell library was empty.

Dungeon Overview and Level Annotations

Branches:
Dungeon (2/15)

Altars:
Qazlal
Uskayaw

Annotations:
D:1 Terence


Message History

You hit the gnoll but do no damage. The gnoll hits you.
You take 5 damage, and have 20/33 hp.
You barely miss the gnoll.
The gnoll shouts!
The gnoll hits you.
* * * LOW HITPOINT WARNING * * *
You take 2 damage, and have 18/33 hp.
You hit the gnoll.
You kill the gnoll!
You hit the gnoll. The gnoll hits you!
* * * LOW HITPOINT WARNING * * *
You take 8 damage, and have 11/33 hp.
MASSIVE DAMAGE!!
You closely miss the gnoll. The gnoll closely misses you.
You hit the gnoll but do no damage. The gnoll hits you.
* * * LOW HITPOINT WARNING * * *
You take 5 damage, and have 6/33 hp.
You barely miss the gnoll. The gnoll barely misses you. The gnoll hits you.
You die...

#. ## ### #.. ..#
#.# #.# #.# #.#
### ###
#.#####.######.##
#..
#.##...gg@......#
#.#
#.##.##(#####...##
#.#### #.##.##.#
#.....####.#...
##.##.##.#
##.............
#......g.#
##.######.#.#.
#.###..### #.#
#.#.#. #.###.g#
#.# #.#.#.
#.##...# #+#
#....[ #.##.#)#
###.##


You could see 2 gnolls.

Levels and vault maps discovered:
D:1:      minmay_arrival_four_circles, layout_loops_ring
D:2:      layout_loops_corners, eat_drink_and_be_merry_uskayaw,
          nicolae_qazlal_general_emergency, uniq_jessica,
          uniq_crazy_yiuf_cottage, uniq_terence

Notes
Turn   | Place    | Note
-------+----------+-------------------------------------------
     0 | D:1      | lepoulpe303 the Hill Orc Monk began the quest for the Orb.
     0 | D:1      | Reached XP level 1. HP: 19/19 MP: 1/1
   173 | D:1      | Identified a +0 club
   188 | D:1      | Reached XP level 2. HP: 17/27 MP: 2/2
   217 | D:1      | Identified a +0 whip
   389 | D:1      | Identified a +0 short sword
   393 | D:1      | Reached skill level 4 in Fighting
   419 | D:1      | Identified a +0 short sword
   765 | D:2      | Identified a +0 dagger
   782 | D:2      | Found a stormy altar of Qazlal.
   813 | D:2      | Identified a +1 hand axe of freezing
   813 | D:2      | Identified a +0 scale mail
   813 | D:2      | Noticed Terence
   819 | D:2      | Identified 2 potions of curing
   821 | D:2      | HP: 5/27 [Terence/+1 hand axe of freezing (3)]
  1143 | D:2      | Found a hide-covered altar of Uskayaw.
  1221 | D:2      | Identified a +0 flail
  1221 | D:2      | Identified a +0 club
  1233 | D:2      | HP: 4/27 [gnoll/+0 flail (4)]
  1235 | D:2      | Reached skill level 1 in Armour
  1235 | D:2      | Reached XP level 3. HP: 5/33 MP: 3/3
  1522 | D:2      | HP: 6/33 [gnoll (5)]
  1524 | D:2      | Slain by a gnoll

Table legend:
 A = Turns spent in this place as a percentage of turns spent in the entire game.
 B = Non-inter-level travel turns spent in this place as a percentage of non-inter-level travel turns spent in the entire game.
 C = Inter-level travel turns spent in this place as a percentage of turns spent in this place.
 D = Turns resting spent in this place as a percentage of non-inter-level travel turns spent in this place.
 E = Turns spent auto-exploring this place as a percentage of non-inter-level travel turns spent in this place.
 F = Non-inter-level travel turns spent in this place divided by the number of levels of this place that you've seen.
                   A       B       C       D       E      F
               +-------+-------+-------+-------+-------+----------------------
         Total | 100.0 | 100.0 |   1.2 |  39.7 |  44.4 | 752.5
       Dungeon | 100.0 | 100.0 |   1.2 |  39.7 |  44.4 | 752.5
               +-------+-------+-------+-------+-------+----------------------

Table legend:
 A = Kills in this place as a percentage of kills in entire the game.
 B = Kills by you in this place as a percentage of kills by you in the entire game.
 C = Kills by friends in this place as a percentage of kills by friends in the entire game.
 D = Other kills in this place as a percentage of other kills in the entire game.
 E = Experience gained in this place as a percentage of experience gained in the entire game.
 F = Experience gained in this place divided by the number of levels of this place that you have seen.
                   A       B       C       D       E      F
               +-------+-------+-------+-------+-------+----------------------
         Total | 100.0 | 100.0 |   N/A |   N/A | 100.0 |  28.0
       Dungeon | 100.0 | 100.0 |   N/A |   N/A | 100.0 |  28.0
               +-------+-------+-------+-------+-------+----------------------

Skill      XL: |  1  2 |
---------------+-------+-----
Fighting       | 4 |  4.2
Armour         | 1 |  1.1
Axes           | |  4.7
Dodging        | |  2.6
Stealth        | |  1.5

Action                   || total
-------------------------++-------
Melee: Hand axe          ||    65
Throw: Stone             ||    24
  Use: Potion            ||     1
 Stab: Sleeping          ||     3
  Eat: Chunk             ||     2
Armor: Robe              ||    12
Dodge: Dodged            ||    36

Vanquished Creatures
  2 gnolls (D:2)
  A dart slug (D:1)
  A ball python (D:1)
  3 bats (D:1)
  A hobgoblin (D:1)
  A goblin (D:2)
  7 kobolds
  2 rats
18 creatures vanquished.
